 Dungeon Crawl Stone Soup version 0.29.0-4-gdea44cf6ec (webtiles) character file.

Game seed: 15001627879195223032

8589 qw the Severer (level 11, 0/97 HPs)
             Began as a Minotaur Berserker on Sept 9, 2022.
             Was an Elder of Trog.
             Succumbed to Sonja's poison
             ... on level 10 of the Dungeon.
             The game lasted 00:04:32 (12436 turns).

qw the Severer (Minotaur Berserker)                Turns: 12436, Time: 00:04:32

Health: 0/97       AC: 19    Str: 33    XL:     11   Next: 11%
Magic:  10/10      EV: 24    Int:  4    God:    Trog [****..]
Gold:   477        SH:  5    Dex:  9    Spells: 10/10 levels left

rFire   . . .      SeeInvis .   e - +1 hand axe (vamp)
rCold   + . .      Faith    .   t - +0 buckler
rNeg    . . .      Spirit   .   k - +0 plate armour
rPois   .          Reflect  .   (helmet restricted)
rElec   .          Harm     .   p - +0 cloak
rCorr   .          Rampage  .   h - +0 pair of gloves
Will    .....                   g - +1 pair of boots
Stlth   ..........              c - amulet of the acrobat
HPRegen 0.26/turn               o - ring of protection from cold
MPRegen 0.12/turn               a - +6 ring of strength

@: lethally poisoned (0 -> -41), on berserk cooldown, acrobatic, slowed, very
slow
A: horns 2, retaliatory headbutt
a: Renounce Religion, Berserk, Trog's Hand, Brothers in Arms


You were on level 10 of the Dungeon.
You worshipped Trog.
Trog was greatly pleased with you.
You visited 1 branch of the dungeon, and saw 10 of its levels.

You collected 477 gold pieces.


Innate Abilities, Weirdness & Mutations

You have a pair of horns on your head.
You reflexively headbutt those who attack you in melee.


   Skills:
 + Level 9.0 Fighting
 - Level 16.8 Axes
 - Level 1.2 Throwing
 - Level 9.2 Armour
 - Level 3.5 Dodging
 - Level 6.0 Shields


You had 10 spell levels left.
You didn't know any spells.
Your spell library was empty.

Inventory:

Hand Weapons
 e - a +1 vampiric hand axe (weapon)
 s - a +1 vorpal flail
Armour
 g - a +1 pair of boots (worn)
 h - a +0 pair of gloves (worn)
 k - a +0 plate armour (worn)
 p - a +0 cloak (worn)
 t - a +0 buckler (worn)
Jewellery
 a - a +6 ring of strength (right hand)
 c - an amulet of the acrobat (around neck)
 o - a ring of protection from cold (left hand)
Scrolls
 b - a scroll of identify
Potions
 d - 2 potions of resistance
 i - a potion of mutation
 n - a potion of might
 q - a potion of haste

Dungeon Overview and Level Annotations

Branches:
Dungeon (10/15)            Temple (0/1) D:6             Orc (0/2) D:10
   Lair: D:8-11

Altars:
Dithmenos
Elyvilon
Fedhas
Hepliaklqana
Makhleb
Nemelex Xobeh
Qazlal
Uskayaw
Vehumet
Xom
Yredelemnul

Annotations:
D:8 2 transporters, qw's ghost, novice GrBe


Message History

You feel extremely sick. Sonja hits you but does no damage.
You are more poisoned.
Sonja hits you with a +2 dagger of venom.
You are more poisoned.
You block Sonja's attack.
Sonja mumbles some strange words.
Sonja blinks!
You start resting.
You feel a strong urge to attack something.
You feel extremely sick.
You feel extremely sick.
Sonja hits you with a +2 dagger of venom.
Sonja hits you but does no damage.
You are more poisoned.
Sonja hits you but does no damage.
You are more poisoned.
You barely miss Sonja.
Sonja is severely wounded.
You feel very sick.
You closely miss Sonja. Your headbutt misses Sonja.
Sonja is severely wounded.
You feel very sick. Sonja closely misses you. Sonja barely misses you.
Sonja hits you with a +2 dagger of venom.
You are more poisoned.
You slice Sonja!!
You kill Sonja!
Trog accepts your kill.
Trog appreciates your killing of a magic user.
You feel very sick.
Your Armour skill increases to level 9!
There is a lethal amount of poison in your body!
You feel extremely sick.
There is a lethal amount of poison in your body!
You feel a strong urge to attack something.
You are no longer berserk.
You are exhausted.
You feel yourself slow down.
You die...

# ####+######
#.#.........#
#.#.........#######..
#...........<..>.....
#...)......#.##.....
..####.@########.#
... ........# #.# .
#######...# #.# #$#.#
#.. #.#.# ### #+# .
.. .. .##


There were no monsters in sight!

Vanquished Creatures
  A boulder beetle (D:8)
  Sonja (D:10)
  Psyche (D:9)
  2 kobold demonologists (D:9)
  A troll (D:6)
  Grinder (D:3)
  A shadow (D:9)
  2 steam dragons (D:7)
  Menkaure (D:7)
  2 acid dragons (D:9)
  2 swamp worms (D:7)
  3 water moccasins
  4 orc warriors
  3 ice beasts
  3 black bears
  4 ogres
  A phantom (D:6)
  A bullfrog (D:7)
  4 kobold brigands
  A gnoll sergeant (D:7)
  Blork the orc (D:6)
  6 scorpions
  8 wights
  3 howler monkeys (D:9)
  A crimson imp (D:6)
  2 hounds
  3 jellies (D:5)
  6 orc priests
  4 gnoll boudas
  Terence (D:2)
  7 iguanas
  8 orc wizards
  Robin (D:3)
  23 gnolls
  12 adders
  A shadow imp (D:5)
  3 white imps
  4 worms
  4 dart slugs
  19 orcs
  9 ball pythons
  6 bats
  10 endoplasms
  2 giant cockroaches
  13 goblins
  11 hobgoblins
  A jackal (D:6)
  6 quokkas
  15 frilled lizards
  25 kobolds
  6 rats
260 creatures vanquished.

Vanquished Creatures (others)
  A fungus (D:10)
  22 plants
23 creatures vanquished.

Grand Total: 283 creatures vanquished

Notes
Turn   | Place    | Note
-------+----------+-------------------------------------------
     0 | D:1      | qw the Minotaur Berserker began the quest for the Orb.
     0 | D:1      | Reached XP level 1. HP: 19/19 MP: 0/0
     0 | D:1      | 0 ||| qw: Version: 0.1-a-113-g051387a
     0 | D:1      | 0 ||| qw: Game counter: 7062
     0 | D:1      | 0 ||| qw: Always use a shield: true
     0 | D:1      | 0 ||| qw: Do Orc after D:15 true
     0 | D:1      | 0 ||| qw: Do second Lair branch before Depths: true
     0 | D:1      | 0 ||| qw: Lair rune preference: random
     0 | D:1      | 0 ||| qw: Plans: Normal
     0 | D:1      | 0 ||| PLANNING D:1-11
   127 | D:1      | 127 ||| Stepping ~*~*~tactically~*~*~ (hiding).
   229 | D:1      | 229 ||| Stepping ~*~*~tactically~*~*~ (hiding).
   238 | D:1      | Reached skill level 4 in Axes
   320 | D:1      | Reached XP level 2. HP: 26/26 MP: 1/1
   320 | D:1      | 320 ||| Stepping ~*~*~tactically~*~*~ (stealth).
   321 | D:1      | 321 ||| Stepping ~*~*~tactically~*~*~ (stealth).
   322 | D:1      | 322 ||| Stepping ~*~*~tactically~*~*~ (stealth).
   567 | D:1      | 567 ||| INVOKING Berserk.
   570 | D:1      | Reached skill level 5 in Axes
   676 | D:1      | 676 ||| DROPPING +0 club.
   691 | D:1      | 691 ||| Stepping ~*~*~tactically~*~*~ (hiding).
   761 | D:1      | Reached XP level 3. HP: 31/31 MP: 2/2
   926 | D:1      | 926 ||| UPGRADING to +0 scale mail.
   936 | D:1      | 936 ||| DROPPING +0 animal skin.
   937 | D:1      | 937 ||| UPGRADING to +0 pair of boots.
   942 | D:1      | 942 ||| UPGRADING to ring of protection from cold.
   943 | D:1      | 943 ||| READING scroll labelled WIODUBB QOLI.
   947 | D:1      | 947 ||| READING scroll labelled IZXIOMOECU.
   948 | D:1      | 948 ||| READING scroll labelled RUADARPH QUEH.
   949 | D:1      | 949 ||| READING scroll labelled WYREINTEORA.
   950 | D:1      | 950 ||| READING scroll labelled ZYWOVA WIELO.
  1264 | D:2      | 1264 ||| Stepping ~*~*~tactically~*~*~ (stealth).
  1329 | D:2      | 1329 ||| Stepping ~*~*~tactically~*~*~ (stealth).
  1339 | D:2      | Reached ** piety under Trog
  1360 | D:2      | Reached XP level 4. HP: 39/39 MP: 3/3
  1424 | D:2      | Reached skill level 6 in Axes
  1430 | D:2      | Noticed Terence
  1434 | D:2      | 1434 ||| INVOKING Berserk.
  1437 | D:2      | Killed Terence
  1637 | D:2      | 1637 ||| Stepping ~*~*~tactically~*~*~ (stealth).
  1640 | D:2      | 1640 ||| Stepping ~*~*~tactically~*~*~ (stealth).
  1895 | D:2      | Found a faded altar of an unknown god.
  2124 | D:2      | 2124 ||| READING scroll labelled EFALIHIAJE.
  2125 | D:2      | 2125 ||| READING scroll labelled VOORODOUVA.
  2226 | D:2      | 2226 ||| READING scroll labelled RIM EGUYJOOFA.
  2227 | D:2      | 2227 ||| READING 4 scrolls labelled QOMADGH RYMY.
  2228 | D:2      | 2228 ||| DRINKING 2 fuming orange potions.
  2278 | D:2      | 2278 ||| DROPPING 3 scrolls of poison.
  2279 | D:2      | 2279 ||| DROPPING potion of lignification.
  2343 | D:3      | Noticed Grinder
  2344 | D:3      | 2344 ||| INVOKING Trog's Hand.
  2347 | D:3      | 2347 ||| INVOKING Berserk.
  2353 | D:3      | Killed Grinder
  2354 | D:3      | Reached skill level 8 in Axes
  2354 | D:3      | Reached XP level 5. HP: 45/45 MP: 4/4
  2354 | D:3      | Reached XP level 6. HP: 51/51 MP: 5/5
  2503 | D:3      | Found a radiant altar of Vehumet.
  2509 | D:3      | 2509 ||| FLEEEEING.
  2510 | D:3      | 2510 ||| FLEEEEING.
  2511 | D:3      | 2511 ||| FLEEEEING.
  2512 | D:3      | 2512 ||| FLEEEEING.
  2513 | D:3      | 2513 ||| FLEEEEING.
  2514 | D:3      | 2514 ||| STAIRDANCE
  2844 | D:3      | 2844 ||| Stepping ~*~*~tactically~*~*~ (stealth).
  2908 | D:3      | Noticed Robin
  2909 | D:3      | 2909 ||| Stepping ~*~*~tactically~*~*~ (hiding).
  2915 | D:3      | 2915 ||| INVOKING Berserk.
  2920 | D:3      | Killed Robin
  3133 | D:3      | Noticed an ice beast
  3142 | D:3      | Killed an ice beast
  3143 | D:3      | Reached skill level 9 in Axes
  3228 | D:3      | 3228 ||| Stepping ~*~*~tactically~*~*~ (hiding).
  3232 | D:3      | 3232 ||| Stepping ~*~*~tactically~*~*~ (hiding).
  3444 | D:3      | Found a faded altar of an unknown god.
  3455 | D:3      | Found a white marble altar of Elyvilon.
  3521 | D:3      | 3521 ||| READING 2 scrolls labelled ULATOOPH WEOPLIASA.
  3522 | D:3      | 3522 ||| READING scroll labelled ZAEXIT EMUGA.
  3523 | D:3      | 3523 ||| DRINKING 2 fizzy clear potions.
  3524 | D:3      | 3524 ||| DROPPING potion of brilliance.
  3525 | D:3      | 3525 ||| DROPPING scroll of blinking.
  3589 | D:4      | Found a sparkling altar of Nemelex Xobeh.
  3654 | D:4      | Found a basalt altar of Yredelemnul.
  3696 | D:4      | Reached XP level 7. HP: 60/60 MP: 6/6
  3819 | D:4      | 3819 ||| READING scroll of enchant armour.
  3819 | D:4      | 3819 ||| ENCHANTING +0 pair of boots.
  3879 | D:4      | 3879 ||| Stepping ~*~*~tactically~*~*~ (stealth).
  3895 | D:4      | 3895 ||| INVOKING Berserk.
  4379 | D:4      | Found a hazy altar of Hepliaklqana.
  4432 | D:4      | 4432 ||| Stepping ~*~*~tactically~*~*~ (stealth).
  4438 | D:4      | Reached *** piety under Trog
  4445 | D:4      | Reached skill level 10 in Axes
  4516 | D:4      | 4516 ||| READING 2 scrolls labelled HEHOTYCZAN.
  4517 | D:4      | 4517 ||| DRINKING 2 viscous emerald potions.
  4518 | D:4      | 4518 ||| DRINKING 2 black potions.
  4519 | D:4      | 4519 ||| DROPPING potion of attraction.
  4599 | D:5      | Entered Level 5 of the Dungeon
  4685 | D:5      | 4685 ||| Stepping ~*~*~tactically~*~*~ (hiding).
  4688 | D:5      | 4688 ||| Stepping ~*~*~tactically~*~*~ (hiding).
  4691 | D:5      | 4691 ||| INVOKING Berserk.
  4717 | D:5      | 4717 ||| Stepping ~*~*~tactically~*~*~ (stealth).
  4735 | D:5      | Reached skill level 6 in Fighting
  4845 | D:5      | 4845 ||| READING 2 scrolls of identify.
  4845 | D:5      | 4845 ||| IDENTIFYING silvery potion
  4846 | D:5      | 4846 ||| DRINKING potion of experience.
  4846 | D:5      | Reached skill level 16 in Axes
  4846 | D:5      | Reached XP level 8. HP: 71/71 MP: 7/7
  4847 | D:5      | 4847 ||| READING 2 scrolls of teleportation.
  4915 | D:5      | 4915 ||| INVOKING Berserk.
  5047 | D:5      | 5047 ||| SWAPPING to +0 war axe.
  5048 | D:5      | 5048 ||| DROPPING +1 hand axe.
  5066 | D:5      | 5066 ||| INVOKING Berserk.
  5068 | D:5      | Reached skill level 3 in Armour
  5245 | D:5      | 5245 ||| Stepping ~*~*~tactically~*~*~ (stealth).
  5254 | D:5      | Reached XP level 9. HP: 65/77 MP: 8/8
  5384 | D:5      | 5384 ||| INVOKING Berserk.
  5537 | D:5      | 5537 ||| DRINKING 2 metallic cyan potions.
  5576 | D:5      | 5576 ||| READING 2 scrolls of identify.
  5576 | D:5      | 5576 ||| IDENTIFYING yellow potion
  5577 | D:5      | 5577 ||| DROPPING potion of berserk rage.
  5578 | D:5      | 5578 ||| READING scroll of teleportation.
  5603 | D:5      | 5603 ||| Stepping ~*~*~tactically~*~*~ (stealth).
  5609 | D:5      | 5609 ||| Stepping ~*~*~tactically~*~*~ (stealth).
  5610 | D:5      | 5610 ||| Stepping ~*~*~tactically~*~*~ (stealth).
  5621 | D:5      | 5621 ||| Stepping randomly (stuck).
  5622 | D:5      | 5622 ||| Stepping randomly (stuck).
  5623 | D:5      | 5623 ||| Stepping randomly (stuck).
  5624 | D:5      | 5624 ||| Stepping randomly (stuck).
  5625 | D:5      | 5625 ||| Stepping randomly (stuck).
  5626 | D:5      | 5626 ||| Stepping randomly (stuck).
  5627 | D:5      | 5627 ||| Stepping randomly (stuck).
  5628 | D:5      | 5628 ||| Stepping randomly (stuck).
  5629 | D:5      | 5629 ||| Stepping randomly (stuck).
  5630 | D:5      | 5630 ||| Stepping randomly (stuck).
  5632 | D:5      | 5632 ||| Stepping randomly (stuck).
  5633 | D:5      | 5633 ||| Stepping randomly (stuck).
  5634 | D:5      | 5634 ||| Stepping randomly (stuck).
  5635 | D:5      | 5635 ||| Stepping randomly (stuck).
  5636 | D:5      | 5636 ||| Stepping randomly (stuck).
  5637 | D:5      | 5637 ||| Stepping randomly (stuck).
  5638 | D:5      | 5638 ||| Stepping randomly (stuck).
  5640 | D:5      | 5640 ||| Stepping randomly (stuck).
  5641 | D:5      | 5641 ||| Stepping randomly (stuck).
  5642 | D:5      | 5642 ||| Stepping randomly (stuck).
  5643 | D:5      | 5643 ||| Stepping randomly (stuck).
  5644 | D:5      | 5644 ||| Stepping randomly (stuck).
  5645 | D:5      | 5645 ||| Stepping randomly (stuck).
  5646 | D:5      | 5646 ||| Stepping randomly (stuck).
  5647 | D:5      | 5647 ||| Stepping randomly (stuck).
  5649 | D:5      | 5649 ||| Stepping randomly (stuck).
  5806 | D:5      | 5806 ||| INVOKING Berserk.
  5924 | D:5      | 5924 ||| INVOKING Berserk.
  6058 | D:5      | 6058 ||| INVOKING Berserk.
  6118 | D:5      | 6118 ||| INVOKING Berserk.
  6316 | D:5      | 6316 ||| UPGRADING to +0 plate armour.
  6326 | D:5      | 6326 ||| DROPPING +0 scale mail.
  6327 | D:5      | 6327 ||| UPGRADING to +0 cloak.
  6332 | D:5      | 6332 ||| UPGRADING to +6 ring of strength.
  6333 | D:5      | 6333 ||| READING scroll labelled NINLUM FOAST.
  6334 | D:5      | 6334 ||| READING 3 scrolls of identify.
  6334 | D:5      | 6334 ||| IDENTIFYING dark potion
  6335 | D:5      | 6335 ||| READING 2 scrolls of identify.
  6335 | D:5      | 6335 ||| IDENTIFYING pink potion
  6336 | D:5      | 6336 ||| DROPPING potion of degeneration.
  6337 | D:5      | 6337 ||| DROPPING potion of invisibility.
  6366 | D:6      | 6366 ||| PLANNING SEWER
  6601 | D:6      | 6601 ||| SWAPPING to +0 vampiric hand axe.
  6602 | D:6      | 6602 ||| DROPPING +0 war axe.
  6633 | D:6      | 6633 ||| INVOKING Berserk.
  6759 | D:6      | Noticed a troll
  6760 | D:6      | 6760 ||| INVOKING Berserk.
  6766 | D:6      | Killed a troll
  6788 | D:6      | HP: 13/76 [wight/+5 spear (10)]
  6789 | D:6      | 6789 ||| DRINKING 2 potions of heal wounds.
  6790 | D:6      | 6790 ||| DRINKING potion of heal wounds.
  7035 | D:6      | 7035 ||| RIP SEWER
  7036 | D:6      | 7036 ||| PLANNING D:1-11
  7110 | D:6      | 7110 ||| Stepping ~*~*~tactically~*~*~ (hiding).
  7111 | D:6      | 7111 ||| Stepping ~*~*~tactically~*~*~ (hiding).
  7115 | D:6      | 7115 ||| INVOKING Berserk.
  7121 | D:6      | Reached skill level 6 in Armour
  7304 | D:6      | 7304 ||| UPGRADING to amulet of the acrobat.
  7309 | D:6      | 7309 ||| Stepping randomly (stuck).
  7310 | D:6      | 7310 ||| Stepping randomly (stuck).
  7311 | D:6      | 7311 ||| Stepping randomly (stuck).
  7312 | D:6      | 7312 ||| Stepping randomly (stuck).
  7315 | D:6      | 7315 ||| Stepping randomly (stuck).
  7362 | D:6      | Found a blossoming altar of Fedhas.
  7379 | D:6      | 7379 ||| Stepping ~*~*~tactically~*~*~ (hiding).
  7381 | D:6      | 7381 ||| Stepping ~*~*~tactically~*~*~ (hiding).
  7582 | D:6      | 7582 ||| Stepping ~*~*~tactically~*~*~ (hiding).
  7584 | D:6      | 7584 ||| Stepping ~*~*~tactically~*~*~ (hiding).
  7586 | D:6      | 7586 ||| Stepping ~*~*~tactically~*~*~ (hiding).
  7593 | D:6      | 7593 ||| Stepping ~*~*~tactically~*~*~ (stealth).
  7692 | D:6      | 7692 ||| Stepping ~*~*~tactically~*~*~ (stealth).
  7695 | D:6      | 7695 ||| Stepping ~*~*~tactically~*~*~ (stealth).
  7697 | D:6      | 7697 ||| Stepping ~*~*~tactically~*~*~ (stealth).
  7768 | D:6      | 7768 ||| Stepping ~*~*~tactically~*~*~ (hiding).
  7770 | D:6      | 7770 ||| INVOKING Berserk.
  7919 | D:6      | Noticed Blork the orc
  7945 | D:6      | Killed Blork the orc
  8017 | D:6      | Found a staircase to the Ecumenical Temple.
  8113 | D:6      | 8113 ||| INVOKING Berserk.
  8116 | D:6      | Reached XP level 10. HP: 88/88 MP: 9/9
  8240 | D:6      | Found a shadowy altar of Dithmenos.
  8318 | D:6      | Found a shimmering altar of Xom.
  8319 | D:6      | Found a burning altar of Makhleb.
  8353 | D:6      | 8353 ||| UPGRADING to +0 pair of gloves.
  8358 | D:6      | 8358 ||| READING scroll labelled EWYD DEBUANUID.
  8359 | D:6      | 8359 ||| READING 2 scrolls of identify.
  8359 | D:6      | 8359 ||| IDENTIFYING murky grey potion
  8527 | D:7      | 8527 ||| Stepping ~*~*~tactically~*~*~ (stealth).
  8670 | D:7      | 8670 ||| Stepping ~*~*~tactically~*~*~ (hiding).
  8674 | D:7      | 8674 ||| INVOKING Berserk.
  8760 | D:7      | Found a hide-covered altar of Uskayaw.
  8761 | D:7      | 8761 ||| Stepping ~*~*~tactically~*~*~ (hiding).
  8857 | D:7      | 8857 ||| Stepping ~*~*~tactically~*~*~ (cloud).
  8860 | D:7      | 8860 ||| INVOKING Berserk.
  8865 | D:7      | Reached skill level 1 in Throwing
  9100 | D:7      | 9100 ||| INVOKING Berserk.
  9307 | D:7      | 9307 ||| Stepping ~*~*~tactically~*~*~ (hiding).
  9314 | D:7      | 9314 ||| INVOKING Berserk.
  9325 | D:7      | Reached **** piety under Trog
  9504 | D:7      | Noticed Menkaure
  9505 | D:7      | 9505 ||| Stepping ~*~*~tactically~*~*~ (hiding).
  9517 | D:7      | 9517 ||| INVOKING Berserk.
  9519 | D:7      | Killed Menkaure
  9531 | D:7      | Reached skill level 9 in Fighting
  9962 | D:7      | 9962 ||| DROPPING +1 chain mail of cold resistance.
  9963 | D:7      | 9963 ||| UPGRADING to +0 buckler.
  9998 | D:8      | 9998 ||| Stepping ~*~*~tactically~*~*~ (hiding).
  9999 | D:8      | 9999 ||| Stepping ~*~*~tactically~*~*~ (hiding).
 10035 | D:8      | 10035 ||| Stepping ~*~*~tactically~*~*~ (stealth).
 10144 | D:8      | Identified the +1 robe of the Wasteland {+Inv rElec rF-
                  | rC+++}
 10233 | D:8      | Reached skill level 1 in Shields
 10373 | D:8      | Found a transporter.
 10374 | D:8      | Noticed qw's ghost (novice GrBe)
 10375 | D:8      | Found a transporter.
 10378 | D:8      | Noticed a two-headed ogre
 10430 | D:8      | Noticed a boulder beetle
 10437 | D:8      | 10437 ||| INVOKING Berserk.
 10450 | D:8      | 10450 ||| Stepping ~*~*~tactically~*~*~ (stealth).
 10463 | D:8      | HP: 17/91 [boulder beetle (14)]
 10464 | D:8      | 10464 ||| READING scroll of teleportation.
 10464 | D:8      | HP: 2/91 [boulder beetle (15)]
 10510 | D:8      | 10510 ||| INVOKING Berserk.
 10512 | D:8      | HP: 14/136 [orc warrior/+0 trident (9)]
 11059 | D:8      | 11059 ||| Stepping ~*~*~tactically~*~*~ (hiding).
 11073 | D:8      | 11073 ||| Stepping ~*~*~tactically~*~*~ (stealth).
 11126 | D:8      | 11126 ||| DROPPING +0 vorpal flail.
 11161 | D:8      | 11161 ||| Stepping ~*~*~tactically~*~*~ (stealth).
 11162 | D:8      | 11162 ||| Stepping ~*~*~tactically~*~*~ (stealth).
 11166 | D:8      | 11166 ||| INVOKING Berserk.
 11178 | D:8      | Killed a boulder beetle
 11404 | D:8      | 11404 ||| READING 2 scrolls labelled IPROSISO KEIPN.
 11405 | D:8      | 11405 ||| DROPPING scroll of immolation.
 11462 | D:9      | Noticed Psyche
 11480 | D:9      | Killed Psyche
 11564 | D:9      | 11564 ||| Stepping ~*~*~tactically~*~*~ (stealth).
 11584 | D:9      | 11584 ||| Stepping ~*~*~tactically~*~*~ (stealth).
 11595 | D:9      | Reached skill level 3 in Dodging
 11621 | D:9      | 11621 ||| FLEEEEING.
 11622 | D:9      | 11622 ||| FLEEEEING.
 11623 | D:9      | 11623 ||| FLEEEEING.
 11624 | D:9      | 11624 ||| FLEEEEING.
 11625 | D:9      | 11625 ||| FLEEEEING.
 11626 | D:9      | 11626 ||| FLEEEEING.
 11627 | D:9      | 11627 ||| FLEEEEING.
 11628 | D:9      | 11628 ||| FLEEEEING.
 11629 | D:9      | 11629 ||| FLEEEEING.
 11630 | D:9      | 11630 ||| FLEEEEING.
 11631 | D:9      | 11631 ||| FLEEEEING.
 11632 | D:9      | 11632 ||| FLEEEEING.
 11633 | D:9      | 11633 ||| FLEEEEING.
 11634 | D:9      | 11634 ||| FLEEEEING.
 11635 | D:9      | 11635 ||| FLEEEEING.
 11636 | D:9      | 11636 ||| FLEEEEING.
 11644 | D:9      | 11644 ||| FLEEEEING.
 11645 | D:9      | 11645 ||| FLEEEEING.
 11646 | D:9      | 11646 ||| FLEEEEING.
 11647 | D:9      | 11647 ||| FLEEEEING.
 11654 | D:9      | 11654 ||| FLEEEEING.
 11655 | D:9      | 11655 ||| FLEEEEING.
 11665 | D:9      | 11665 ||| FLEEEEING.
 11666 | D:9      | 11666 ||| FLEEEEING.
 11667 | D:9      | 11667 ||| STAIRDANCE
 11704 | D:8      | 11704 ||| DRINKING 2 white potions.
 11705 | D:8      | 11705 ||| READING 2 scrolls of identify.
 11705 | D:8      | 11705 ||| IDENTIFYING puce potion
 11706 | D:8      | 11706 ||| DROPPING potion of flight.
 11800 | D:9      | 11800 ||| Stepping ~*~*~tactically~*~*~ (hiding).
 11801 | D:9      | 11801 ||| Stepping ~*~*~tactically~*~*~ (hiding).
 11807 | D:9      | Reached skill level 6 in Shields
 11918 | D:9      | Reached XP level 11. HP: 52/97 MP: 10/10
 12136 | D:9      | 12136 ||| FLEEEEING.
 12137 | D:9      | 12137 ||| FLEEEEING.
 12138 | D:9      | 12138 ||| FLEEEEING.
 12143 | D:9      | 12143 ||| FLEEEEING.
 12144 | D:9      | 12144 ||| FLEEEEING.
 12145 | D:9      | 12145 ||| FLEEEEING.
 12149 | D:9      | 12149 ||| FLEEEEING.
 12150 | D:9      | 12150 ||| STAIRDANCE
 12215 | D:8      | 12215 ||| READING 2 scrolls of identify.
 12215 | D:8      | 12215 ||| IDENTIFYING amethyst potion
 12234 | D:9      | 12234 ||| Stepping ~*~*~tactically~*~*~ (stealth).
 12346 | D:9      | Found a stormy altar of Qazlal.
 12401 | D:10     | Entered Level 10 of the Dungeon
 12401 | D:10     | Found a staircase to the Orcish Mines.
 12413 | D:10     | 12413 ||| READING scroll of enchant weapon.
 12413 | D:10     | 12413 ||| ENCHANTING +0 vampiric hand axe.
 12414 | D:10     | Noticed Sonja
 12423 | D:10     | 12423 ||| DRINKING potion of curing.
 12423 | D:10     | 12423 ||| (to cure bad poison)
 12429 | D:10     | 12429 ||| INVOKING Berserk.
 12432 | D:10     | HP: 32/145 [poisoned by Sonja]
 12434 | D:10     | Killed Sonja
 12435 | D:10     | Reached skill level 9 in Armour
 12435 | D:10     | HP: 11/145 [poisoned by Sonja]
 12436 | D:10     | Succumbed to Sonja's poison

Levels and vault maps discovered:
D:1:      shiori_arrival_whats_in_store_for_you, layout_rooms,
          minmay_close_crescents
D:2:      minmay_recursive_quarters, layout_loops_ring,
          hellmonk_ecumenical_altar_arch_garden, minmay_misc_feat_roman,
          lexackson_kobold_supper, uniq_terence
D:3:      layout_rooms, overflow_temple_1_default,
          nicolae_overflow_ecumenical_swirl, serial_corexii_hall,
          chequers_hall_statues_y, corexii_hall_statues_i, uniq_robin,
          uniq_grinder
D:4:      layout_loops_ring, mainiacjoe_overflow_paths,
          worldfamousw_hep_ancestral_shrine, mainiacjoe_overflow_24_doors,
          minmay_lizard_king
D:5:      cheibrodos_barr_body, layout_basic, minmay_puff
D:6:      layout_cave_pods, grunt_temple_overflow_champion_of_chaos,
          fedhas_altar_2, lemuel_doored_altar, minmay_temple_entry_hall,
          cheibrodos_sewer_entry_bend, serial_gnoll_camp, gnoll_camp_mini_hut,
          gnoll_camp_mini_doghouse, gnoll_camp_mini_hut, gnoll_camp_mini_house,
          gnoll_camp_mini_hut, gnoll_camp_mini_hut, uniq_blork_the_orc
D:7:      layout_basic, nicolae_uskayaw_murder_on_the_dancefloor, worms_lemuel,
          uniq_menkaure
D:8:      layout_loops_corners, gammafunk_ghost_smash, minivault_23
D:9:      layout_roguey, grunt_qazlal_clouds, uniq_psyche
D:10:     layout_basic, nicolae_ru_the_path_less_chosen, kennysheep_slug_shrine,
          ebering_ghost_disaster_area, minmay_gold_behind_fungi, uniq_sonja,
          uniq_gastronok, uniq_snorg

Skill      XL: |  1  2  3  4  5  6  7  8  9 10 11 |
---------------+----------------------------------+-----
Axes           | 4 5 8 9 16 | 16.8
Fighting       | 4 6 8 9 |  9.0
Armour         | 3 7 8 9 |  9.2
Throwing       | 1 |  1.2
Shields        | 6 |  6.0
Dodging        | 3 |  3.5

Action                   |  1- 3 |  4- 6 |  7- 9 | 10-12 || total
-------------------------+-------+-------+-------+-------++-------
Melee: Hand axe          |    68 |   103 |   187 |   304 ||   662
       Headbutt          |    11 |    15 |    51 |    58 ||   135
       Punch             |       |     1 |     1 |     1 ||     3
       War axe           |       |       |    63 |       ||    63
Throw: Boomerang         |       |       |       |    29 ||    29
Invok: Berserk           |     1 |     3 |    14 |     9 ||    27
       Trog's Hand       |       |     1 |       |       ||     1
  Use: Scroll            |     5 |     6 |     9 |     7 ||    27
       Potion            |       |     2 |     6 |     2 ||    10
Armor: Animal skin       |     3 |       |       |       ||     3
       Scale mail        |    13 |    32 |    30 |       ||    75
       Plate armour      |       |       |    39 |    88 ||   127
Dodge: Dodged            |    23 |    45 |    70 |    82 ||   220
Block: Buckler           |       |       |       |    21 ||    21

Table legend:
 A = Non-vault XP
 B = Vault XP
 C = Vault XP percentage of total XP
 D = Non-vault monster count
 E = Vault monster count
 F = Vault count percentage of total count
                 A         B        C        D         E       F
            +---------+---------+-------+---------+---------+-------
      Total |    7409 |    3598 |  32.7 |     174 |      86 |  33.1
            +---------+---------+-------+---------+---------+-------
        D:1 |      32 |      13 |  28.9 |      10 |       6 |  37.5
        D:2 |      51 |      76 |  59.8 |      16 |      20 |  55.6
        D:3 |     192 |     314 |  62.1 |      19 |      13 |  40.6
        D:4 |     347 |      46 |  11.7 |      16 |      10 |  38.5
        D:5 |     450 |    1088 |  70.7 |      16 |      17 |  51.5
        D:6 |    1388 |     406 |  22.6 |      24 |      15 |  38.5
        D:7 |    1466 |     488 |  25.0 |      22 |       3 |  12.0
        D:8 |    1494 |       0 |   0.0 |      21 |       0 |   0.0
        D:9 |    1989 |     391 |  16.4 |      30 |       1 |   3.2
       D:10 |       0 |     776 | 100.0 |       0 |       1 | 100.0
            +---------+---------+-------+---------+---------+-------
